Map: AVEX - Valkyrie

Players

GAMETlME

  • Race: Zerg Zerg
  • League: Grandmaster
  • Spawn Location: 5:00

PiG - Winner!

  • Race: Protoss Protoss
  • League: Grandmaster
  • Spawn Location: 11:00

VOD

https://www.youtube.com/watch?v=mtgvvFTSbq0

Description

Time

  • Played on: April 16, 2018, 8 p.m.
  • Length: 9:41
Show
View Real Time Build Order
Export as new Build Order

GAMETlME Zerg 

Build Orders: Hatch First 

Get SALT Encoding   

  12  0:01  Drone  
  13  0:09  Drone  
  14  0:17  Overlord  
  14  0:23  Extractor  
  14  0:24  Drone  
  15  0:36  Drone x2  
  17  0:53  Hatchery  
  16  0:57  Drone  
  16  1:01  Drone  
  18  1:13  Extractor  
  18  1:16  Spawning Pool  
  16  1:19  Drone  
  16  1:22  Drone  
  18  1:27  Drone  
  19  1:38  Overlord  
  19  2:05  Queen x2  
  19  2:06  Zergling x6  
  26  2:12  Drone  
  26  2:14  Metabolic Boost  
  27  2:16  Drone  
  27  2:22  Drone  
  29  2:29  Drone  
  30  2:41  Hatchery  
  30  2:42  Drone  
  30  2:49  Zergling x2  
  31  2:51  Overlord  
  31  2:53  Drone  
  31  2:58  Drone  
  31  2:59  Drone  
  31  3:04  Zergling x2  
  34  3:11  Spore Crawler  
  34  3:12  Drone  
  34  3:15  Drone x3  
  34  3:17  Drone  
  34  3:19  Drone x2  
  41  3:24  Overlord  
  41  3:26  Drone  
  42  3:28  Drone  
  43  3:38  Drone  
  43  3:40  Overlord  
  42  3:49  Drone x4  
  42  3:51  Drone  
  42  3:55  Drone x3  
  48  3:56  Extractor  
  48  4:00  Zergling x2  
  48  4:01  Queen  
  48  4:02  Zergling x2  
  51  4:07  Lair  
  51  4:09  Zergling x2  
  52  4:14  Roach Warren  
  52  4:16  Zergling x2  
  52  4:17  Zergling x2  
  52  4:19  Zergling x2  
  52  4:20  Zergling x2  
  52  4:21  Zergling x2  
  52  4:23  Zergling x2  
  57  4:25  Zergling x4  
  57  4:27  Zergling x2  
  57  4:29  Zergling x2  
  57  4:31  Zergling x2  
  62  4:33  Overlord  
  62  4:35  Zergling x2  
  62  4:37  Zergling x4  
  65  4:45  Overlord  
  64  4:47  Overlord x2  
  63  5:01  Drone x6  
  63  5:02  Drone x2  
  63  5:05  Extractor x2  
  67  5:09  Roach  
  67  5:10  Glial Reconstitution, Roach  
  70  5:14  Roach  
  70  5:20  Roach  
  70  5:21  Roach x3  
  77  5:24  Drone, Evolution Chamber  
  77  5:25  Drone  
  78  5:28  Drone x2  
  78  5:29  Drone  
  78  5:31  Overlord  
  78  5:33  Roach  
  82  5:37  Roach  
  82  5:38  Roach x2  
  82  5:42  Drone x2  
  90  5:45  Drone  
  90  5:51  Drone x2  
  90  5:52  Drone  
  90  5:56  Drone x3  
  90  5:57  Zerg Missile Weapons Level 1  
  95  5:59  Drone x2  
  95  6:01  Overlord  
  95  6:02  Overlord x2  
  97  6:08  Overlord  
  97  6:13  Hydralisk Den  
  97  6:15  Extractor  
  95  6:21  Drone x2, Extractor  
  95  6:22  Drone  
  95  6:23  Drone x2  
  95  6:25  Roach x3  
  105  6:32  Drone  
  105  6:33  Drone x2  
  105  6:34  Overlord x2  
  107  6:41  Roach x4  
  107  6:43  Muscular Augments  
  107  6:46  Hydralisk  
  117  6:47  Hydralisk  
  117  6:48  Hydralisk  
  119  6:57  Drone  
  119  6:58  Drone, Overlord x3  
  119  6:59  Hydralisk, Overlord  
  119  7:00  Hydralisk  
  125  7:01  Hydralisk  
  128  7:08  Drone  
  128  7:10  Hydralisk x2  
  128  7:11  Hydralisk  
  128  7:12  Hydralisk  
  136  7:20  Hydralisk x3  
  138  7:24  Zergling x2  
  138  7:26  Roach  
  138  7:27  Roach x2  
  138  7:29  Ravager  
  145  7:35  Zergling x6  
  148  7:38  Zergling x4  
  148  7:40  Zergling x2  
  148  7:43  Ravager x3  
  154  7:44  Zergling x4  
  154  7:45  Hatchery, Zergling x2  
  154  7:46  Overlord  
  154  7:49  Zergling x2  
  145  8:02  Roach x2  
  145  8:03  Roach x5  
  145  8:05  Zergling x4  
  136  8:08  Zergling x4  
  136  8:10  Zergling x2  
  136  8:11  Zergling x2  
  136  8:12  Zergling x4  
  124  8:15  Roach  
  111  8:20  Roach x2  
  111  8:24  Roach  
  111  8:25  Roach  
  111  8:26  Roach x2  
  118  8:32  Roach x2  
  115  8:40  Roach  
  115  8:41  Roach  
  116  8:42  Roach  
  116  8:46  Roach  
  116  8:47  Roach  
  116  8:48  Roach x2  
  124  8:52  Roach x2  
  124  8:53  Roach x3  
  132  8:57  Roach  
  132  9:00  Roach  
  128  9:06  Roach x2  
  110  9:10  Hydralisk x2  
  110  9:14  Roach  
  110  9:15  Roach x2  
  108  9:17  Roach  
  108  9:19  Roach x2  
Show
View Real Time Build Order
Export as new Build Order

PiG Protoss - Winner!

Build Orders: 1 Gate Expand 

Get SALT Encoding   

  12  0:02  Probe  
  13  0:14  Probe  
  13  0:19  Pylon  
  14  0:26  Probe (Chrono Boost)  
  15  0:39  Probe (Chrono Boost)  
  16  0:47  Gateway  
  16  0:48  Assimilator  
  16  0:49  Probe (Chrono Boost)  
  17  0:57  Probe  
  18  1:10  Probe  
  19  1:22  Probe  
  20  1:28  Nexus  
  20  1:38  Cybernetics Core  
  20  1:42  Probe  
  20  1:46  Assimilator  
  21  1:54  Probe  
  22  1:57  Pylon  
  22  2:06  Probe  
  23  2:14  Adept (Chrono Boost)  
  23  2:15  Warp Gate  
  25  2:18  Probe  
  26  2:29  Robotics Facility  
  26  2:35  Probe (Chrono Boost)  
  27  2:39  Stalker (Chrono Boost)  
  27  2:43  Probe (Chrono Boost)  
  31  2:52  Probe (Chrono Boost)  
  31  2:54  Probe (Chrono Boost)  
  32  2:58  Probe  
  32  3:01  Adept  
  32  3:02  Probe  
  36  3:11  Probe  
  37  3:17  Probe  
  37  3:18  Immortal (Chrono Boost)  
  38  3:23  Probe  
  43  3:30  Gateway  
  43  3:32  Pylon  
  43  3:36  Probe  
  43  3:39  Probe  
  45  3:48  Probe  
  45  3:51  Probe  
  46  3:56  Immortal (Chrono Boost)  
  48  4:06  Probe  
  48  4:07  Assimilator  
  49  4:10  Pylon  
  49  4:14  Probe  
  50  4:20  Probe  
  50  4:21  Sentry  
  53  4:26  Warp Prism (Chrono Boost)  
  55  4:32  Sentry  
  57  4:39  Probe  
  57  4:45  Pylon  
  58  4:48  Nexus  
  58  4:53  Adept  
  60  5:04  Adept  
  54  5:12  Shield Battery  
  54  5:19  Probe  
  54  5:20  Sentry  
  57  5:22  Probe  
  57  5:26  Forge  
  58  5:29  Gateway x2  
  58  5:30  Gateway  
  58  5:33  Gateway  
  58  5:35  Pylon  
  58  5:37  Adept  
  58  5:42  Protoss Ground Weapons Level 1  
  60  5:43  Shield Battery  
  60  5:48  Probe  
  62  5:50  Probe  
  62  5:57  Immortal (Chrono Boost)  
  66  6:06  Gateway  
  66  6:08  Gateway  
  66  6:10  Gateway  
  66  6:22  Sentry x2  
  70  6:29  Immortal (Chrono Boost)  
  74  7:02  Pylon  
  74  7:03  Stalker x4, Sentry x2  
  74  7:04  Pylon x2  
  74  7:06  Pylon  
  74  7:08  Stalker x3  
  92  7:26  Stalker x3  
  92  7:27  Stalker  
  100  7:32  Stalker x3  
  106  7:45  Stalker  
  106  7:46  Stalker  
  106  8:02  Stalker x4  
  106  8:03  Stalker  
  84  8:13  Stalker, Adept  
  82  8:24  Stalker x2  
  82  8:28  Zealot x4  
  88  8:47  Stalker x3  
  92  8:57  Stalker x2  
  92  9:09  Stalker x2  
  88  9:16  Zealot x4  
  88  9:25  Stalker x3  
Tags
 
Add a new tag
Caveats
  • Supply blocks, unpowered buildings, or Contaminate may cause inaccurate times.
  • Supply counts are checked every 10 seconds.